 Dungeon Crawl Stone Soup version 0.31.0-11-ge490571c62 (webtiles) character file.

Game seed: 16587313078017664612

1535 qw the Skirmisher (level 8, -8/46 HPs)
             Began as a Deep Elf Hunter on Feb 4, 2024.
             Was a Believer of Okawaru.
             Mangled by an orc warrior
             ... wielding a +0 mace
              (12 damage)
             ... on level 9 of the Dungeon.
             The game lasted 00:00:25 (3979 turns).

qw the Skirmisher (Deep Elf Hunter)                 Turns: 3979, Time: 00:00:26

Health: -8/46      AC: 12    Str: 10    XL:     8   Next: 55%
Magic:  13/13      EV: 11    Int: 15    God:    Okawaru [**....]
Gold:   137        SH:  0    Dex: 18    Spells: 7/7 levels left

rFire   . . .        a - +0 shortbow
rCold   . . .        (shield currently unavailable)
rNeg    . . .        b - +0 ring mail
rPois   .            d - +0 helmet
rElec   .            o - +0 cloak
rCorr   .            c - +1 pair of gloves
SInv    +            h - +2 pair of boots
Will    .....        (no amulet)
Stlth   +            e - ring of see invisible
HPRegen 0.27/turn    k - +4 ring of slaying {mikee}
MPRegen 0.13/turn

%: no passive effects
@: no status effects
A: no striking features
a: Renounce Religion, Heroism


You were on level 9 of the Dungeon.
You worshipped Okawaru.
Okawaru was pleased with you.
You visited 2 branches of the dungeon, and saw 8 of its levels.

You collected 239 gold pieces.
You spent 102 gold pieces at shops.


   Skills:
 - Level 3.2 Fighting
 - Level 12.5 Ranged Weapons
 - Level 1.7 Armour
 + Level 3.5 Dodging
 - Level 1.2 Stealth
 - Level 4.0 Invocations


You had 7 spell levels left.
You didn't know any spells.
Your spell library was empty.

Inventory:

Hand Weapons
 a - a +0 shortbow (weapon)
Armour
 b - a +0 ring mail (worn)
 c - a +1 pair of gloves (worn)
 d - a +0 helmet (worn)
 h - a +2 pair of boots (worn)
 o - a +0 cloak (worn)
Jewellery
 e - a ring of see invisible (left hand)
 g - an amulet of guardian spirit
 i - a ring of ice
 k - a +4 ring of slaying (right hand) {mikee}
Wands
 f - a wand of paralysis (4)
Potions
 j - a potion of brilliance {unknown}
 l - a potion of invisibility {unknown}
 m - a potion of attraction {unknown}
 n - a potion of mutation {unknown}
 p - a potion of cancellation {unknown}
 q - a potion of curing
 r - a potion of lignification {unknown}

Dungeon Overview and Level Annotations

Branches:
Dungeon (6/15)             Temple (1/1) D:4

Altars:
Ashenzari
Dithmenos
Elyvilon
Fedhas
Gozag
Hepliaklqana
Kikubaaqudgha
Nemelex Xobeh
Okawaru
Qazlal
Ru
Sif Muna
Uskayaw
Vehumet
Wu Jian
Xom
Zin
The Shining One

Shops:
D:3 *   D:4 :

Annotations:
D:3 Pikel


Message History

The orc warrior hits you with a +0 mace.
You shoot an arrow.
The arrow hits the orc warrior but does no damage.
The orc warrior is lightly wounded.
The orc warrior hits you with a +0 mace.
You shoot an arrow. The arrow hits the orc warrior!
The orc warrior is heavily wounded.
You shoot an arrow.
The arrow barely misses the orc warrior.
The orc wizard gestures at you while chanting.
You easily resist.
The orc warrior hits you but does no damage.
You shoot an arrow.
The arrow hits the orc warrior but does no damage.
The orc warrior is heavily wounded.
The orc warrior hits you with a +0 mace!
The orc wizard closely misses you.
You shoot an arrow.
The arrow closely misses the orc warrior.
The orc wizard closely misses you.
The orc warrior hits you with a +0 mace.
You shoot an arrow. The arrow hits the orc warrior.
The orc warrior is heavily wounded.
The orc warrior hits you with a +0 mace.
The orc wizard barely misses you.
You shoot an arrow.
The arrow hits the orc warrior but does no damage.
The orc warrior is heavily wounded.
The orc wizard hits you with a +0 dagger.
The orc warrior hits you with a +0 mace!
You shoot an arrow. The arrow hits the orc warrior.
The orc warrior is severely wounded.
The orc warrior hits you but does no damage.
The orc wizard hits you but does no damage.
You shoot an arrow.
The arrow hits the orc warrior but does no damage.
The orc warrior is severely wounded.
The orc wizard hits you but does no damage.
The orc warrior hits you with a +0 mace!
You die...

#.# ......# #.#
....... #.#
....).) #.#
...).>. #.#
.?..... #.#
.....$. #.#
......o######'###
......o@........#
................#
................#
...$............#
...##(..........#
#+ #...........#
#...........#
#...........#
#...........#


You could see an orc warrior and an orc wizard.

Vanquished Creatures
  Grinder (D:4)
  Prince Ribbit (D:5)
  A shadow (D:6)
  A water moccasin (D:9)
  3 black bears
  A centaur (D:9)
  4 lemures
  2 phantoms (D:5)
  A howler monkey (D:5)
  A jelly (D:5)
  2 hounds (D:5)
  An iguana (D:5)
  2 orc wizards (D:5)
  Terence (D:3)
  Robin (D:4)
  3 adders
  A white imp (D:5)
  2 ufetubi (D:5)
  4 ribbon worms
  4 dart slugs
  11 orcs
  6 bats
  8 endoplasms
  2 giant cockroaches
  13 goblins
  10 hobgoblins
  5 quokkas
  7 ball pythons
  4 frilled lizards
  5 kobolds
  2 rats (D:2)
110 creatures vanquished.

Notes
Turn   | Place    | Note
-------+----------+-------------------------------------------
     0 | D:1      | qw the Deep Elf Hunter began the quest for the Orb.
     0 | D:1      | Reached XP level 1. HP: 12/12 MP: 3/3
     0 | D:1      | 0 ||| qw: Version: 0.3-a-160-g6735b56
     0 | D:1      | 0 ||| qw: Game counter: 4849
     0 | D:1      | 0 ||| qw: Melee chars always use a shield: true
     0 | D:1      | 0 ||| qw: God list: Okawaru
     0 | D:1      | 0 ||| qw: Allow faded altars: false
     0 | D:1      | 0 ||| qw: Do Orc after clearing Dungeon:15 true
     0 | D:1      | 0 ||| qw: Do second Lair branch before Depths: true
     0 | D:1      | 0 ||| qw: Lair rune preference: random
     0 | D:1      | 0 ||| qw: Goals: Normal
     0 | D:1      | 0 ||| PLANNING D:1-11
    93 | D:1      | Reached skill level 6 in Ranged Weapons
    93 | D:1      | Reached XP level 2. HP: 16/16 MP: 4/4
   798 | D:1      | 798 ||| UPGRADING to ring of see invisible.
   799 | D:1      | 799 ||| DROPPING ring of wizardry.
   800 | D:1      | 800 ||| READING scroll labelled UNLORI FOQI.
   801 | D:1      | 801 ||| READING scroll labelled ELAKKA XECVU.
   802 | D:1      | 802 ||| DROPPING scroll of butterflies.
   851 | D:2      | 851 ||| STAIRDANCE
   878 | D:2      | 878 ||| STAIRDANCE
   903 | D:2      | 903 ||| STAIRDANCE
   920 | D:2      | 920 ||| STAIRDANCE
   935 | D:2      | Reached XP level 3. HP: 20/20 MP: 5/5
   998 | D:2      | Reached skill level 7 in Ranged Weapons
  1098 | D:2      | Found a faded altar of an unknown god.
  1208 | D:2      | Found a sparkling altar of Nemelex Xobeh.
  1337 | D:2      | 1337 ||| UPGRADING to +0 ring mail.
  1347 | D:2      | 1347 ||| DROPPING +0 leather armour.
  1348 | D:2      | 1348 ||| UPGRADING to +1 pair of boots.
  1353 | D:2      | 1353 ||| UPGRADING to amulet of guardian spirit.
  1358 | D:2      | 1358 ||| READING scroll labelled VAVYEM ROEREIH.
  1358 | D:2      | 1358 ||| ENCHANTING +1 pair of boots.
  1442 | D:3      | Reached XP level 4. HP: 25/25 MP: 6/6
  1495 | D:3      | Noticed Terence
  1504 | D:3      | Killed Terence
  1614 | D:3      | Reached skill level 8 in Ranged Weapons
  1620 | D:3      | Found Ylest's Assorted Antiques.
  1633 | D:3      | 1633 ||| BUYING 2 fuming grey potions (48 gold).
  1633 | D:3      | Bought 2 fuming grey potions for 48 gold pieces
  1633 | D:3      | 1633 ||| SHOPLISTING distressingly furry robe (153 gold,
                  | have 73).
  1633 | D:3      | 1633 ||| BUYING scroll labelled FEOTEM BADAGE (27 gold).
  1633 | D:3      | Bought a scroll labelled FEOTEM BADAGE for 27 gold pieces
  1633 | D:3      | 1633 ||| BUYING scroll labelled FEOTEM BADAGE (27 gold).
  1633 | D:3      | Bought a scroll labelled FEOTEM BADAGE for 27 gold pieces
  1633 | D:3      | 1633 ||| SHOPLISTING scroll labelled KURESTUADA (27 gold,
                  | have 19).
  1633 | D:3      | 1633 ||| SHOPLISTING scroll labelled XOTEYJ XUHACW (27
                  | gold, have 19).
  2086 | D:3      | Found a white marble altar of Elyvilon.
  2086 | D:3      | Found a glowing silver altar of Zin.
  2087 | D:3      | Found a glowing golden altar of the Shining One.
  2098 | D:3      | 2098 ||| READING scroll labelled HAOTHE KIDOE.
  2102 | D:3      | 2102 ||| READING 2 scrolls labelled FEOTEM BADAGE.
  2102 | D:3      | 2102 ||| IDENTIFYING murky black potion
  2103 | D:3      | 2103 ||| READING scroll of identify.
  2103 | D:3      | 2103 ||| IDENTIFYING fizzy coppery potion
  2104 | D:3      | 2104 ||| READING scroll labelled UNA TILOURIMER.
  2105 | D:3      | 2105 ||| DRINKING 2 fuming grey potions.
  2106 | D:3      | 2106 ||| DRINKING potion of curing.
  2106 | D:3      | 2106 ||| (to cure confusion)
  2107 | D:3      | 2107 ||| DROPPING potion of ambrosia.
  2164 | D:4      | Noticed a black bear
  2167 | D:4      | 2167 ||| DRINKING potion of haste.
  2177 | D:4      | Killed a black bear
  2178 | D:4      | Reached skill level 9 in Ranged Weapons
  2178 | D:4      | Reached XP level 5. HP: 29/29 MP: 7/7
  2179 | D:4      | Noticed Robin
  2199 | D:4      | Killed Robin
  2287 | D:4      | Noticed Grinder
  2290 | D:4      | Paralysed by Grinder for 3 turns
  2304 | D:4      | Killed Grinder
  2305 | D:4      | Reached skill level 10 in Ranged Weapons
  2305 | D:4      | Reached XP level 6. HP: 23/35 MP: 4/8
  2355 | D:4      | Found a shimmering altar of Xom.
  2413 | D:4      | Found a staircase to the Ecumenical Temple.
  2414 | D:4      | 2414 ||| PLANNING TEMPLE
  2414 | D:4      | 2414 ||| UPGRADING to +0 pair of gloves.
  2419 | D:4      | 2419 ||| UPGRADING to +0 helmet.
  2424 | D:4      | 2424 ||| DROPPING scarf of invisibility.
  2431 | Temple   | Entered the Ecumenical Temple
  2432 | Temple   | 2432 ||| PLANNING OKAWARU WORSHIP
  2440 | Temple   | Became a worshipper of Warmaster Okawaru
  2441 | Temple   | 2441 ||| PLANNING D:1-11
  2441 | Temple   | 2441 ||| REMOVING amulet of guardian spirit.
  2541 | D:4      | Noticed Pikel
  2542 | D:4      | 2542 ||| RETREEEEATING.
  2543 | D:4      | 2543 ||| RETREEEEATING.
  2551 | D:4      | 2551 ||| ZAPPING wand of paralysis (10) at 0,-1 (Pikel;
                  | floor).
  2560 | D:4      | 2560 ||| ZAPPING wand of paralysis (9) at 0,-1 (Pikel;
                  | floor).
  2561 | D:4      | 2561 ||| ZAPPING wand of paralysis (8) at 0,-1 (Pikel;
                  | floor).
  2562 | D:4      | 2562 ||| ZAPPING wand of paralysis (7) at 0,-1 (Pikel;
                  | floor).
  2563 | D:4      | 2563 ||| ZAPPING wand of paralysis (6) at 0,-1 (Pikel;
                  | floor).
  2564 | D:4      | 2564 ||| FLEEEEING.
  2565 | D:4      | 2565 ||| FLEEEEING.
  2577 | D:4      | 2577 ||| ZAPPING wand of paralysis (5) at 1,1 (Pikel;
                  | floor).
  2578 | D:4      | 2578 ||| FLEEEEING.
  2579 | D:4      | 2579 ||| STAIRDANCE
  2626 | D:4      | 2626 ||| STAIRDANCE
  2628 | D:3      | 2628 ||| RETREEEEATING.
  2629 | D:3      | 2629 ||| RETREEEEATING.
  2630 | D:3      | 2630 ||| RETREEEEATING.
  2631 | D:3      | 2631 ||| FLEEEEING.
  2632 | D:3      | 2632 ||| FLEEEEING.
  2633 | D:3      | 2633 ||| FLEEEEING.
  2634 | D:3      | 2634 ||| FLEEEEING.
  2635 | D:3      | 2635 ||| FLEEEEING.
  2636 | D:3      | 2636 ||| FLEEEEING.
  2637 | D:3      | 2637 ||| FLEEEEING.
  2638 | D:3      | 2638 ||| FLEEEEING.
  2639 | D:3      | 2639 ||| STAIRDANCE
  2835 | D:4      | Found Bomn's Book Emporium.
  2966 | D:4      | 2966 ||| READING scroll of enchant armour.
  2966 | D:4      | 2966 ||| ENCHANTING +0 pair of gloves.
  3167 | D:4      | 3167 ||| UPGRADING to +4 ring of slaying {mikee}.
  3198 | D:5      | Entered Level 5 of the Dungeon
  3206 | D:5      | Reached skill level 1 in Armour
  3206 | D:5      | Reached XP level 7. HP: 40/40 MP: 9/9
  3213 | D:5      | Reached skill level 3 in Dodging
  3234 | D:5      | Reached * piety under Okawaru
  3242 | D:5      | Reached skill level 11 in Ranged Weapons
  3242 | D:5      | Reached skill level 1 in Invocations
  3262 | D:5      | Noticed Prince Ribbit
  3263 | D:5      | 3263 ||| RETREEEEATING.
  3264 | D:5      | 3264 ||| RETREEEEATING.
  3265 | D:5      | 3265 ||| RETREEEEATING.
  3266 | D:5      | 3266 ||| INVOKING Heroism.
  3280 | D:5      | Killed Prince Ribbit
  3281 | D:5      | Reached skill level 3 in Invocations
  3281 | D:5      | Reached XP level 8. HP: 26/44 MP: 9/12
  3384 | D:5      | Found an ornate altar of the Wu Jian Council.
  3711 | D:5      | Found an opulent altar of Gozag.
  3736 | D:5      | 3736 ||| UPGRADING to +0 cloak.
  3776 | D:6      | Reached skill level 12 in Ranged Weapons
  3861 | D:6      | You fall into a shaft and drop 3 floors!
  3960 | D:9      | Reached ** piety under Okawaru
  3961 | D:9      | Reached skill level 3 in Fighting
  3977 | D:9      | HP: 4/46 [orc warrior/+0 mace (8)]
  3979 | D:9      | Mangled by an orc warrior

Levels and vault maps discovered:
D:1:      wander_arrival_fairy_ring, layout_basic, st_stairs_11
D:2:      layout_rooms, chequers_ecumenical_altar_simple_redux, basic_altar
D:3:      layout_basic, good_gods_temple_1, serial_shops,
          nicolae_shop_tiny_waterfront, uniq_terence
D:4:      layout_cave_pools, xom_butterflies, minmay_temple_entry_hall,
          serial_shops, kennysheep_little_box, uniq_robin, uniq_pikel,
          uniq_grinder
D:5:      layout_rooms, grunt_gozag_breadcrumbs,
          mainiacjoe_overflow_tiny_flanked, minmay_a_box_with_orc_wizards_in_it,
          uniq_prince_ribbit1
D:6:      layout_basic, hangedman_decor_growths, wad_floor_pattern_untrapped,
          nicolae_eternal_life, chequers_serial_rivers_small_a, st_stairs_2,
          corexii_item_surrounded_by_moat, kennysheep_flooded_box, uniq_sigmund
D:9:      layout_basic, mainiacjoe_overflow_brackets, enter_bailey_2
Temple:   nicolae_temple_ecumenical_triangle

Skill      XL: |  1  2  3  4  5  6  7  8 |
---------------+-------------------------+-----
Ranged Weapons | 6 7 9 10 11 12 | 12.5
Fighting       | 2 3 |  3.2
Armour         | 1 |  1.7
Dodging        | 3 |  3.5
Invocations    | 3 4 |  4.0
Stealth        | |  1.2

Action                     |  1- 3 |  4- 6 |  7- 9 || total
---------------------------+-------+-------+-------++-------
   Fire: Shortbow          |   113 |   207 |   115 ||   435
 Invoke: Heroism           |       |       |     1 ||     1
  Evoke: Wand              |       |     6 |       ||     6
    Use: Scroll            |     3 |     5 |       ||     8
         Potion            |       |     3 |       ||     3
 Armour: Leather armour    |    36 |       |       ||    36
         Ring mail         |       |    93 |    35 ||   128
  Dodge: Dodged            |    42 |    69 |    22 ||   133

Table legend:
 A = Non-vault XP
 B = Vault XP
 C = Vault XP percentage of total XP
 D = Non-vault monster count
 E = Vault monster count
 F = Vault count percentage of total count
                 A         B        C        D         E       F
            +---------+---------+-------+---------+---------+-------
      Total |    1494 |     699 |  31.9 |      87 |      19 |  17.9
            +---------+---------+-------+---------+---------+-------
        D:1 |      27 |       6 |  18.2 |      17 |       3 |  15.0
        D:2 |      60 |       0 |   0.0 |      16 |       0 |   0.0
        D:3 |      57 |      32 |  36.0 |      21 |       1 |   4.5
        D:4 |     141 |     325 |  69.7 |      10 |      12 |  54.5
        D:5 |     725 |     336 |  31.7 |      18 |       3 |  14.3
        D:6 |     223 |       0 |   0.0 |       1 |       0 |   0.0
        D:9 |     261 |       0 |   0.0 |       4 |       0 |   0.0
            +---------+---------+-------+---------+---------+-------
